 Dungeon Crawl Stone Soup version 0.13.1-17-g0f9d4ff (webtiles) character file.

362 Psiweapon the Shield-Bearer (level 6, -1/39 HPs)
             Began as a Gargoyle Fighter on Dec 17, 2013.
             Slain by an ogre
             ... wielding a +1,+2 great mace
              (17 damage)
             ... on Level 4 of the Dungeon.
             The game lasted 00:13:40 (2169 turns).

Psiweapon the Shield-Bearer (Gargoyle Fighter)      Turns: 2169, Time: 00:13:40

HP  -1/39        AC 13     Str 21      XL: 6   Next: 13%
MP   1/1         EV  7     Int  9      God:
Gold 111         SH 19     Dex  9      Spells:  0 memorised,  5 levels left

Res.Fire  : . . .   See Invis. : .   l - +2 mace (antimagic)
Res.Cold  : + . .   Warding    : .   b - +0 scale mail
Life Prot.: + . .   Conserve   : .   c - +0 shield
Res.Poison: +       Res.Corr.  : .   f - +1 dwarf visored helmet
Res.Elec. : +       Clarity    : .   (no cloak)
Sust.Abil.: . .     Spirit.Shd : .   (no gloves)
Res.Mut.  : +       Stasis     : .   (no boots)
Res.Rott. : +       Flight     : .   y - amulet of resist mutation {unknown}
Saprovore : . . .                    e - ring of protection from cold {unknown}
                                     (no ring)

@: slightly resistant to hostile enchantments, extremely unstealthy
A: fangs 1, talons 2, life protection 1, electricity resistance, slow metabolism
1, unbreathing, petrification resistance, AC +4
a: no special abilities


You were on level 4 of the Dungeon.
You were not hungry.

You visited 1 branch of the dungeon, and saw 4 of its levels.

You collected 91 gold pieces.

Inventory:

Hand weapons
 a - a +0,+0 mace
 l - a +2,+2 anti-magic mace (weapon)
 x - a +0,-3 flail
 F - a +1,+2 sabre of draining
Missiles
 h - 21 darts (quivered)
Armour
 b - a +0 scale mail (worn)
 c - a +0 shield (worn)
 f - a +1 dwarven visored helmet (worn)
 A - a -3 dwarven shield
Comestibles
 d - 2 bread rations
 m - a choko
 n - a rambutan
 t - a snozzcumber
 B - a chunk of bat flesh
 G - 2 rotting chunks of kobold flesh
 H - a rotting chunk of bat flesh
 I - 3 rotting chunks of orc flesh
Scrolls
 j - a scroll of remove curse {unknown}
 r - 2 scrolls of recharging {unknown}
 u - 3 scrolls of random uselessness {unknown}
 v - a scroll of fog {unknown}
 w - 2 scrolls of teleportation {unknown}
 z - a scroll of magic mapping {unknown}
 C - a scroll of identify {unknown}
 D - a scroll of amnesia {unknown}
 E - a scroll of blinking {unknown}
Jewellery
 e - a ring of protection from cold (right hand) {unknown}
 g - an uncursed ring of ice
 y - an amulet of resist mutation (around neck) {unknown}
Potions
 i - a potion of resistance {unknown}
 k - a potion of brilliance {unknown}
 o - a potion of degeneration {unknown}
 p - 2 potions of heal wounds {unknown}
 q - a potion of poison {unknown}
 s - a potion of beneficial mutation {unknown}


   Skills:
 + Level 4.5 Fighting
 + Level 4.0 Maces & Flails
 + Level 4.3 Armour
 + Level 4.7 Shields


You had 5 spell levels left.
You didn't know any spells.

Dungeon Overview and Level Annotations

Branches:
Dungeon (4/27)
 Temple: D:4-7

Altars:
Kikubaaqudgha
Nemelex Xobeh
Zin
Jiyva

Shops:
D:4 =

Annotations:
D:2 Sigmund


Innate Abilities, Weirdness & Mutations

You are resistant to torment.
You are immune to poison.
Your stone body is very resilient (AC +4).
You have very sharp teeth.
You have razor-sharp toenails.
You resist negative energy.
You are resistant to electric shocks.
You have a slow metabolism.
You can survive without breathing.
You are immune to petrification.


Message History

An ogre skeleton comes into view.
You hit the ogre. You claw the ogre.
The ogre is lightly wounded.
The ogre hits you but does no damage.
You barely miss the ogre. Your bite misses the ogre.
The ogre is lightly wounded.
The ogre hits you with a great mace!
You hit the ogre.
The ogre is moderately wounded.
You hit the ogre. You claw the ogre.
The ogre is heavily wounded.
The ogre hits you with a great mace. The ogre skeleton hits you.
Your shield and scale mail prevent you from hitting the ogre.
You claw the ogre. Your bite misses the ogre.
The ogre is severely wounded.
You block the ogre's attack. The ogre skeleton barely misses you.
You hit the ogre. You claw the ogre. Your bite misses the ogre.
The ogre is almost dead.
The ogre hits you with a great mace!
You die...

#.# ..#.#..
.#... . .#...
........
.........
......#.#
.......#Z#
!.......#@#
.......SO.#
........#.#
...........#
#######.###
#...# ###.#
#########
#...###..^....#
#..8..∩..8.##.#


You could see an ogre, a ball python and an ogre skeleton.

Vanquished Creatures
  2 jellies (D:3)
  8 gnolls
  3 adders
  A giant mite (D:3)
  2 worms (D:2)
  3 giant geckos
  5 oozes (D:3)
  3 orcs (D:3)
  4 giant cockroaches
  4 hobgoblins
  6 kobolds
  A ball python (D:3)
  4 bats
  A giant eyeball (D:3)
  3 giant newts (D:1)
  7 goblins
  7 rats
  A toadstool (D:3)
65 creatures vanquished.

Notes
Turn   | Place    | Note
--------------------------------------------------------------
     0 | D:1      | Psiweapon, the Gargoyle Fighter, began the quest for the Orb.
     0 | D:1      | Reached XP level 1. HP: 14/14 MP: 0/0
   265 | D:1      | Reached XP level 2. HP: 17/19 MP: 1/1
   544 | D:1      | Reached XP level 3. HP: 16/24 MP: 2/2
   825 | D:2      | Noticed Sigmund
  1031 | D:2      | Reached XP level 4. HP: 28/28 MP: 1/3
  1179 | D:2      | Reached skill level 4 in Shields
  1361 | D:3      | Reached XP level 5. HP: 28/33 MP: 1/4
  1404 | D:3      | Found a glowing silver altar of Zin.
  1404 | D:3      | Found a sparkling altar of Nemelex Xobeh.
  1405 | D:3      | Found an ancient bone altar of Kikubaaqudgha.
  1663 | D:3      | Found a viscous altar of Jiyva.
  1740 | D:3      | Reached XP level 6. HP: 35/39 MP: 5/5
  1862 | D:3      | Paralysed by a giant eyeball for 3 turns
  2133 | D:4      | Found Prajif's Jewellery Shoppe.
  2169 | D:4      | Slain by an ogre

Action                   |  1- 3 |  4- 6 || total
-------------------------+-------+-------++-------
Melee: Mace              |    55 |    80 ||   135
       Flail             |       |    27 ||    27
       Sabre             |       |    12 ||    12
Throw: Dart              |    15 |    20 ||    35
